 Dungeon Crawl Stone Soup version 0.30-a0-23-ge60ba3568b (webtiles) character file.

Game seed: 7777654242529954971

306 Setbun the Magician (level 6, -17/41 HPs)
             Began as a Djinni Hedge Wizard on Aug 25, 2022.
             Demolished by an ogre
             ... wielding a +0 giant spiked club
              (24 damage)
             ... on level 4 of the Dungeon.
             The game lasted 00:02:42 (5240 turns).

Setbun the Magician (Djinni Hedge Wizard)           Turns: 5240, Time: 00:02:42

Health: -17/41     AC:  7    Str:  9    XL:     6   Next: 67%
Gold:   137        EV: 13    Int: 18    God:
                   SH:  0    Dex: 12

rFire   + + .      SeeInvis +    i - +0 dagger (venom)
rCold   x . .      Faith    .    (no shield)
rNeg    . . .      Spirit   .    b - +0 robe
rPois   ∞          Reflect  .    c - +0 hat
rElec   .          Harm     .    (no cloak)
rCorr   .          Rampage  .    l - +0 pair of gloves
Will    .....                    (boots unavailable)
Stlth   ++........               (no amulet)
HPRegen 0.13/turn                d - +4 ring of protection
MPRegen 0.00/turn                h - ring of see invisible

@: flying
A: sickness immunity, fire resistance 2, cold vulnerability 1, float, innate
caster, HP casting, extra vitality 1
a: no special abilities


You were on level 4 of the Dungeon.
You visited 1 branch of the dungeon, and saw 4 of its levels.

You collected 137 gold pieces.

Inventory:

Hand Weapons
 a - a +0 dagger
 i - a +0 dagger of venom (weapon)
Armour
 b - a +0 robe (worn)
 c - a +0 hat (worn)
 l - a +0 pair of gloves (worn)
Jewellery
 d - a +4 ring of protection (left hand)
 h - a ring of see invisible (right hand)
Wands
 u - a wand of roots (10)
 v - a wand of polymorph (9)
Scrolls
 e - 5 scrolls of identify {unknown}
 f - 3 scrolls of poison {unknown}
 j - a scroll of vulnerability {unknown}
 k - 2 scrolls of teleportation {unknown}
 q - a scroll of butterflies {unknown}
 r - a scroll of enchant armour {unknown}
 s - a scroll of amnesia {unknown}
 t - a scroll of summoning {unknown}
Potions
 g - 3 potions of cancellation {unknown}
 m - 4 potions of curing {unknown}
 n - a potion of might {unknown}
 o - a potion of mutation {unknown}
 p - a potion of flight {unknown}
 w - a potion of attraction {unknown}
 x - 4 potions of magic {unknown}
 z - a potion of heal wounds {unknown}


   Skills:
 + Level 0.4 Fighting
 + Level 3.5 Dodging
 + Level 2.2 Stealth
 + Level 4.7 Spellcasting


You couldn't memorise any spells.
You knew the following spells:

 Your Spells              Type           Power      Damage    Failure   Level
a - Magic Dart            Conj           84%        1d7       1%          1
b - Blink                 Tloc           42%        N/A       3%          2
c - Call Imp              Summ           21%        N/A       3%          2
d - Slow                  Hex            84%        N/A       1%          1
e - Conjure Flame         Conj/Fire      21%        6-21      6%          3
f - Mephitic Cloud        Conj/Pois/Air  21%        N/A       6%          3
g - Summon Small Mammal   Summ           84%        N/A       1%          1
h - Ensorcelled Hibernat  Hex/Ice        42%        N/A       3%          2
Your spell library was empty.

Dungeon Overview and Level Annotations

Branches:
Dungeon (4/15)
 Temple: D:4-7

Altars:
Qazlal

Shops:
D:2 (


Innate Abilities, Weirdness & Mutations

You are immune to sickness and miasma.
You are immune to poison.
Your flesh is very heat resistant. (rF++)
You are vulnerable to cold. (rC-)
You float through the air rather than walking.
You learn spells naturally, not from books.
Your magical power is your life essence.
You have superior vitality. (+4 MHP)


Message History

The magic dart hits the orc.
You kill the orc!
You can't see any susceptible monsters within range! (Use Z to cast anyway.)
You reach down and open the door.
There is an open door here.
Found a stone staircase leading down.
You now have 137 gold pieces (gained 16).
You reach down and open the door.
An ogre comes into view. It is wielding a +0 giant spiked club.
An ogre is nearby!
An ogre is nearby!
The magic dart hits the ogre!
The ogre is moderately wounded.
The ogre shouts!
The magic dart hits the ogre.
The ogre is moderately wounded.
The ogre hits you with a +0 giant spiked club!
The magic dart hits the ogre.
The ogre is heavily wounded.
The magic dart hits the ogre.
The ogre is severely wounded.
The ogre hits you with a +0 giant spiked club!
* * * LOW HITPOINT WARNING * * *
You are too injured to fight recklessly!
You are too injured to fight recklessly!
Aiming: Magic Dart (safe; 1% risk of failure)
Press: ? - help, Q - select action, (/) - cycle Shift-Dir - straight line, f/p - ogre
Aim: an ogre, wielding a +0 giant spiked club (severely wounded, 100% to hit)
The magic dart hits the ogre.
The ogre is almost dead.
* * * LOW HITPOINT WARNING * * *
The ogre closely misses you.
There is an open door here.
You reach down and open the door.
The ogre attacks as you move away! The ogre misses you.
There is an open door here.
The ogre attacks as you move away!
The ogre hits you with a +0 giant spiked club!!
Ouch! That really hurt!
You die...

##.#.## ##.>.###.##..##..##.
##.#### ##........##..##..#
#.##.## ##.......##........#
###.#...####.........#.#......#
...........'.........'........##.
###.#...####.........#.#.........
#.##.## ##.......##.##.....###
#.#### ##.....###.##.###.# #.#
##.@.## #........# #.. ##O##
####.##### ### #.# #.# #.# #.#
##.## #.# ##...## #.#
#.....######.# ##...........#
########...##########


You could see an ogre.

Vanquished Creatures
  An ogre (D:4)
  A phantom (D:4)
  6 adders
  4 worms
  2 dart slugs (D:1)
  6 orcs
  5 ball pythons
  2 bats
  6 endoplasms
  4 giant cockroaches
  3 goblins
  8 hobgoblins
  7 jackals
  5 kobolds
  4 quokkas
  5 frilled lizards
  5 rats
74 creatures vanquished.

Notes
Turn   | Place    | Note
-------+----------+-------------------------------------------
     0 | D:1      | Setbun the Djinni Hedge Wizard began the quest for the Orb.
     0 | D:1      | Setbun set off with the following spells memorised: Magic
                  | Dart, Blink, Call Imp, Slow, Conjure Flame, Mephitic Cloud.
     0 | D:1      | Reached XP level 1. HP: 15/15 MP: 0/0
   235 | D:1      | Reached XP level 2. HP: 17/21 MP: 0/0
   661 | D:1      | Found a faded altar of an unknown god.
   806 | D:1      | Reached skill level 3 in Spellcasting
   806 | D:1      | Reached XP level 3. HP: 23/25 MP: 0/0
   806 | D:1      | Learned a level 1 spell: Summon Small Mammal
  1689 | D:2      | Found Yjeimyab's Weapon Shop.
  1970 | D:2      | Reached XP level 4. HP: 26/31 MP: 0/0
  2830 | D:3      | Reached XP level 5. HP: 30/35 MP: 0/0
  2830 | D:3      | Learned a level 2 spell: Ensorcelled Hibernation
  4702 | D:4      | Noticed an ogre
  4708 | D:4      | Killed an ogre
  4709 | D:4      | Reached skill level 4 in Spellcasting
  4709 | D:4      | Reached XP level 6. HP: 34/41 MP: 0/0
  4781 | D:4      | Found a stormy altar of Qazlal.
  5204 | D:4      | Noticed an ogre
  5240 | D:4      | Demolished by an ogre

Illustrated notes

Levels and vault maps discovered:
D:1:      giann_forest_graveyard, layout_loops_ring,
          shapermc_ecumenical_altar_totnotflames
D:2:      layout_basic, serial_shops, shop
D:3:      layout_basic
D:4:      layout_loops_corners, mainiacjoe_overflow_alcove_1,
          mainiacjoe_overflow_tiny_flanked, serial_shops, shop_fountains

Skill      XL: |  1  2  3  4  5 |
---------------+----------------+-----
Spellcasting   | 3 4 |  4.7
Dodging        | 3 |  3.5
Stealth        | 2 |  2.2
Fighting       | |  0.4

Action                   |  1- 3 |  4- 6 || total
-------------------------+-------+-------++-------
 Cast: Magic Dart        |    77 |   153 ||   230
Armor: Robe              |     8 |     8 ||    16
Dodge: Dodged            |    21 |    25 ||    46

Table legend: (Time is in decaauts)
 A = Elapsed time spent in this place.
 B = Non-inter-level travel time spent in this place.
 C = Inter-level travel time spent in this place.
 D = Time resting spent in this place.
 E = Time spent auto-exploring this place.
 F = Levels seen in this place.
 G = Mean time per level.
                   A        B        C        D        E       F      G
               +--------+--------+--------+--------+--------+-----+--------+
         Total |   5237 |   5198 |     39 |    650 |   4154 |   4 | 1309.2 |
       Dungeon |   5237 |   5198 |     39 |    650 |   4154 |   4 | 1309.2 |
               +--------+--------+--------+--------+--------+-----+--------+

Top non-repeatable levels by time:
     D:3: 1786 daAuts
     D:2: 1535 daAuts
     D:1: 1255 daAuts
     D:4: 660 daAuts
